 Dungeon Crawl Stone Soup version 0.26-a0-259-g1effd001a9 (webtiles) character file.

Game seed: 11404909512425853804

628310 HoaS the Middleweight Champion (level 27, -14/159 HPs)
             Began as a Gargoyle Gladiator on July 23, 2020.
             Was the Champion of Makhleb.
             Demolished by an Orb Guardian (30 damage)
             ... on level 5 of the Realm of Zot on July 24, 2020.
             The game lasted 02:50:21 (52238 turns).

HoaS the Middleweight Champion (GrGl)              Turns: 52238, Time: 02:50:22

Health: -14/159    AC: 60    Str: 31    XL:     27
Magic:  0/23       EV: 20    Int:  9    God:    Makhleb [******]
Gold:   7006       SH:  0    Dex: 15    Spells: 26/26 levels left

rFire    + + .     SeeInvis .     - Unarmed
rCold    + . .     Faith    .   (no shield)
rNeg     + + .     Spirit   +   r - +10 plate armour
rPois    ∞         Reflect  .   y - +2 hat of the Bear Spirit {Spirit, +Rage rN+ MR++}
rElec    +         Harm     .   F - scarf {rC+ rF+}
rCorr    .         Rnd*Rage +   u - +2 pair of gloves of Oneapuva {rF+ Str+4 Int+3}
MR       +++++                  D - +1 pair of boots of the Wilderness {Str+4}
Stlth    ..........             J - necklace of Bloodlust {*Rage +Rage MR++ Int-3 Slay+6 *Curse} (curse)
HPRegen  0.00/turn              x - +4 ring of slaying
MPRegen  0.18/turn              S - +4 ring of slaying

@: berserk cooldown, flying, slowed, very slow
A: big wings, berserk 1, blurry vision 1, frail 2, negative energy resistance 1,
electricity resistance, inhibited regeneration, weak 2, unbreathing,
petrification resistance, rot immunity, subdued magic 1, AC +20
}: 3/15 runes: barnacled, silver, gossamer
a: Stop Flying, Minor Destruction, Lesser Servant of Makhleb, Major Destruction,
Greater Servant of Makhleb, Renounce Religion, Evoke Berserk Rage


You were on level 5 of the Realm of Zot.
You worshipped Makhleb.
Makhleb was exalted by your worship.
You were not hungry.

You visited 10 branches of the dungeon, and saw 49 of its levels.
You visited the Abyss 2 times.
You visited 1 bazaar.
You also visited: Gauntlet and Ice Cave.

You collected 9484 gold pieces.
You spent 2478 gold pieces at shops.

Inventory:

Missiles
 c - 9 throwing nets (quivered)
 f - 62 javelins
 Z - 25 silver javelins
Armour
 r - a +10 plate armour (worn)
 u - the +2 pair of gloves of Oneapuva (worn) {rF+ Str+4 Int+3}
   (You found it on level 1 of the Vaults)

   It affects your strength (+4).
   It affects your intelligence (+3).
   It protects you from fire.
 y - the +2 hat of the Bear Spirit (worn) {Spirit, +Rage rN+ MR++}
   (You found it on level 6 of the Dungeon)

   It protects you from negative energy.
   It affects your resistance to hostile enchantments.
   It lets you go berserk.
 D - the +1 pair of boots of the Wilderness (worn) {Str+4}
   (You found it on level 5 of the Vaults)

   It affects your strength (+4).
 F - a scarf of resistance (worn)
Jewellery
 j - the ring of Ofrik {MR+ Int-5 Dex+4 SInv}
   (You found it on level 4 of the Lair of Beasts)

   [ring of protection from magic]

   It affects your intelligence (-5).
   It affects your dexterity (+4).
   It affects your resistance to hostile enchantments.
   It lets you see invisible.
 x - a +4 ring of slaying (left hand)
 J - the cursed necklace of Bloodlust (around neck) {*Rage +Rage MR++ Int-3 Slay+6 *Curse}
   (You bought it in a shop in a bazaar)

   [amulet of nothing]

   It affects your intelligence (-3).
   It affects your accuracy and damage with ranged weapons and melee attacks
   (+6).
   It affects your resistance to hostile enchantments.
   It lets you go berserk.
   It may make you go berserk in combat.
   It curses itself when equipped.
   It has a curse placed upon it.
 S - a +4 ring of slaying (right hand)
Wands
 A - a wand of clouds (3)
 C - a wand of polymorph (11)
 E - a wand of iceblast (6)
 K - a wand of digging (2)
 L - a wand of acid (24)
Scrolls
 a - 7 scrolls of blinking
 b - 9 scrolls of fear
 g - 35 scrolls of remove curse
 k - 4 scrolls of holy word
 o - 25 scrolls of identify
 q - 10 scrolls of magic mapping
 s - 12 scrolls of fog
 t - 26 scrolls of teleportation
 w - 2 scrolls of silence
 B - a scroll of summoning
 G - 2 scrolls of enchant armour
Potions
 e - 9 potions of haste
 h - 9 potions of heal wounds
 i - 25 potions of curing
 l - 4 potions of berserk rage
 m - 4 potions of mutation
 n - 5 potions of resistance
 p - 6 potions of might
 v - 5 potions of cancellation
 z - 7 potions of lignification
 H - 11 potions of invisibility
 M - 8 potions of ambrosia
Comestibles
 d - 149 rations


   Skills:
 O Level 27 Fighting
 - Level 1.7 Throwing
 + Level 23.1 Armour
 + Level 18.1 Dodging
 O Level 27 Unarmed Combat


You had 26 spell levels left.
You didn't know any spells.
Your spell library contained the following spells:

 Spells                   Type           Power        Failure   Level
 Animate Skeleton         Necr           #.....       77%         1
 Apportation              Tloc           #.....       77%         1
 Corona                   Hex            #......      77%         1
 Foxfire                  Conj/Fire      #...         77%         1
 Freeze                   Ice            #...         77%         1
 Magic Dart               Conj           #...         77%         1
 Pain                     Necr           #...         77%         1
 Sandblast                Erth           #.....       77%         1
 Shock                    Conj/Air       #...         77%         1
 Sting                    Tmut/Pois      #...         77%         1
 Summon Butterflies       Summ           #.......     77%         1
 Summon Small Mammal      Summ           #...         77%         1
 Blink                    Tloc           N/A          88%         2
 Call Imp                 Summ           #.......     88%         2
 Ensorcelled Hibernation  Hex/Ice        #.....       88%         2
 Passwall                 Tmut/Erth      #.......     88%         2
 Poisonous Vapours        Pois/Air       #.....       88%         2
 Slow                     Hex            #.......     88%         2
 Swiftness                Chrm/Air       #.......     88%         2
 Call Canine Familiar     Summ           #.......     98%         3
 Confusing Touch          Hex            #.......     98%         3
 Conjure Flame            Conj/Fire      #.......     98%         3
 Dazzling Flash           Conj/Hex       #.....       98%         3
 Frozen Ramparts          Ice            #.....       98%         3
 Ignite Poison            Fire/Tmut/Pois #.......     98%         3
 Inner Flame              Hex/Fire       #.......     98%         3
 Lesser Beckoning         Tloc           #.........   98%         3
 Mephitic Cloud           Conj/Pois/Air  #.......     98%         3
 Ozocubu's Armour         Chrm/Ice       #.......     98%         3
 Recall                   Summ/Tloc      N/A          98%         3
 Static Discharge         Conj/Air       #.......     98%         3
 Stone Arrow              Conj/Erth      #.....       98%         3
 Teleport Other           Tloc           #.......     98%         3
 Tukima's Dance           Hex            #.......     98%         3
 Vampiric Draining        Necr           #.........   98%         3
 Airstrike                Air            #.........   100%        4
 Animate Dead             Necr           #.........   100%        4
 Cause Fear               Hex            #.........   100%        4
 Hailstorm                Conj/Ice       #.......     100%        4
 Ice Form                 Ice/Tmut       #.......     100%        4
 Olgreb's Toxic Radiance  Pois           #.......     100%        4
 Passage of Golubria      Tloc           N/A          100%        4
 Petrify                  Tmut/Erth      #.......     100%        4
 Sticky Flame             Conj/Fire      #.......     100%        4
 Summon Ice Beast         Ice/Summ       #.......     100%        4
 Agony                    Necr           #.......     100%        5
 Alistair's Intoxication  Tmut/Pois      #.......     100%        5
 Aura of Abjuration       Summ           #.........   100%        5
 Blade Hands              Tmut           #.........   100%        5
 Bolt of Magma            Conj/Fire/Erth #.........   100%        5
 Fireball                 Conj/Fire      #.........   100%        5
 Irradiate                Conj/Tmut      #.........   100%        5
 Iskenderun's Battlesphe  Conj/Chrm      #.......     100%        5
 Lee's Rapid Deconstruct  Erth           #.........   100%        5
 Lightning Bolt           Conj/Air       #.........   100%        5
 Metabolic Englaciation   Hex/Ice        #.........   100%        5
 Summon Demon             Summ           #.........   100%        5
 Summon Forest            Summ/Tloc      #.........   100%        5
 Summon Mana Viper        Hex/Summ       #.......     100%        5
 Yara's Violent Unravell  Hex/Tmut       #.........   100%        5
 Darkness                 Hex            #.........   100%        6
 Dispersal                Tloc           #.........   100%        6
 Eringya's Noxious Bog    Tmut/Pois      #.........   100%        6
 Freezing Cloud           Conj/Ice/Air   #.........   100%        6
 Invisibility             Hex            #.......     100%        6
 Iron Shot                Conj/Erth      #.........   100%        6
 Ozocubu's Refrigeration  Ice            #.........   100%        6
 Shadow Creatures         Summ           N/A          100%        6
 Simulacrum               Ice/Necr       #.........   100%        6
 Starburst                Conj/Fire      #.........   100%        6
 Dragon Form              Tmut           #.........   100%        7
 Haunt                    Necr/Summ      #.........   100%        7
 Malign Gateway           Summ/Tloc      #.........   100%        7
 Monstrous Menagerie      Summ           #.........   100%        7
 Orb of Destruction       Conj           #.........   100%        7
 Ring of Flames           Chrm/Fire      #.........   100%        7
 Spellforged Servitor     Conj/Summ      #.........   100%        7
 Summon Greater Demon     Summ           #.........   100%        7
 Summon Hydra             Summ           #.........   100%        7
 Borgnjor's Revivificati  Necr           #.........   100%        8
 Death's Door             Chrm/Necr      #.........   100%        8
 Ignition                 Fire           #.........   100%        8
 Infestation              Necr           #.........   100%        8
 Necromutation            Tmut/Necr      #.........   100%        8
 Summon Horrible Things   Summ           #.........   100%        8
 Dragon's Call            Summ           #.........   100%        9


Dungeon Overview and Level Annotations

Branches:
Dungeon (15/15)            Temple (1/1) D:6            Lair (6/6) D:9
 Shoals (4/4) Lair:3       Spider (4/4) Lair:4        Slime (0/5) Lair:5
    Orc (2/2) D:11            Elf (2/3) Orc:2        Vaults (5/5) D:14
  Crypt (0/3) Vaults:3     Depths (5/5) D:15            Zot (5/5) Depths:5
  IceCv (visited)         Gauntlet (visited)

Altars:
Ashenzari
Cheibriados
Dithmenos
Elyvilon
Fedhas
Gozag
Hepliaklqana
Kikubaaqudgha
Makhleb
Nemelex Xobeh
Okawaru
Qazlal
Ru
Sif Muna
Trog
Uskayaw
Vehumet
Wu Jian
Xom
Yredelemnul
Zin
The Shining One
Beogh
Jiyva

Shops:
D:4 *   D:6 ?   D:7 =   D:8 !   D:10 (!   D:13 *   Orc:2 (*[=   Shoals:2 %
Depths:2 !   Depths:4 :*[!%

Portals:
Hell: Depths:1 Depths:2 Depths:3 Depths:4 Depths:5
Abyss: Depths:3 Depths:4
Pandemonium: Depths:3
Ziggurat: Depths:5

Annotations:
Depths:2 2 transporters, Nurghian's ghost, adept MfIE
Zot:5 1 exclusion


Innate Abilities, Weirdness & Mutations

You are resistant to torment.
Your stone body is resilient. (AC +20)
You are immune to poison.
Your large and strong wings let you fly indefinitely.
You resist negative energy. (rN+)
You are resistant to electric shocks. (rElec)
You can survive without breathing.
You are immune to petrification.
You are immune to rotting.
You tend to lose your temper in combat.
Scrolls take you a little longer to read.
You are very frail. (-20% HP)
You do not regenerate when monsters are visible.
You are very weak. (Str -4)
Your spells are a little easier to cast, but a little less powerful.


Message History

The green draconian hits you but does no damage.
The Orb Guardian is engulfed in poison gas.
The Orb Guardian is poisoned.
The Killer Klown blinks!
The electric golem hits you but does no damage. x2
The electric golem closely misses you. The electric golem barely misses you.
The Orb Guardian is engulfed in poison gas.
The Orb Guardian is poisoned.
You hear a loud "Zot"!
The Killer Klown blinks!
The moth of wrath goads the Orb Guardian on!
The Orb Guardian goes berserk!
The Orb Guardian is engulfed in poison gas.
The Orb Guardian looks even sicker.
The Orb Guardian misses you. The electric golem barely misses you.
The electric golem hits you but does no damage.
The electric golem barely misses you.
The electric golem hits you but does no damage.
The Orb Guardian is engulfed in poison gas.
The Orb Guardian looks even sicker.
The Orb Guardian hits you!!
You die...

*,§............^.,,,
*,.......§.......,^^
**..d..^.........,,^
*#..............,,*
##....)....)...,,^
▓▓8XX.8##▓▓▓▓▓▓▓▓
▓▓°d....§.....^..▓
▓▓.Xd..............
*▓°@8d.....§........
▓○.°X°yp......§.....
▓.......§......§§X..
▓▓..................
▓▓..........§..§...
▓▓.........d..8X..
**,................
**,,..............XX
*,,,,..............§


You could see a Killer Klown, an electric golem, 2 draconians, a red draconian,
4 Orb Guardians and a moth of wrath.

Vanquished Creatures
  4 orbs of fire
  3 ancient liches
  Mennas (Depths:1)
  Mara (Spider:3)
  2 juggernauts
  The ghost of Raoson the Slayer, a legendary GrBe of Trog (Zot:2)
  A Killer Klown (Zot:5)
  4 caustic shrikes (Depths:5)
  Saint Roka (Vaults:2)
  3 curse toes
  Nikola (Spider:4)
  5 golden dragons
  Arachne (Spider:3)
  5 electric golems
  A bone dragon (Abyss:4)
  3 Orb Guardians (Zot:5)
  16 tentacled monstrosities
  5 liches
  7 quicksilver dragons
  7 titans
  2 tentacled starspawn
  The ghost of Kuhithrore the Unseen, an adept DrTm of Ashenzari (Shoals:2)
  2 krakens
  7 death cobs
  5 sphinxes
  An Executioner (Abyss:2)
  A thorn hunter (Abyss:4)
  10 tengu reavers
  A storm dragon (shapeshifter) (Vaults:5)
  8 shadow dragons
  The ghost of Daamyrhor the Brawler, a journeyman TrFi of Okawaru (Elf:1)
  3 daevas (Depths:1)
  5 draconian monks
  Agnes (D:15)
  The ghost of Jipp the Severer, a journeyman DDFi of Makhleb (Spider:2)
  14 storm dragons
  Ilsuiw (Shoals:3)
  7 fire giants
  16 frost giants
  2 draconian knights (Zot:1)
  3 iron dragons
  3 orc warlords
  12 emperor scorpions
  16 vault wardens
  A curse skull (Vaults:3)
  2 deep elf sorcerers
  8 draconian shifters
  4 ghost moths
  11 draconian scorchers
  Louise (D:15)
  2 deep elf elementalists
  9 ironheart preservers
  8 draconian annihilators
  3 angels (Depths:1)
  A spriggan defender (Depths:3)
  4 draconian stormcallers
  A juggernaut skeleton (Depths:2)
  4 entropy weavers
  A stone giant (shapeshifter) (Vaults:5)
  21 stone giants
  26 very ugly things
  3 deep elf demonologists
  2 vampire knights
  10 green draconians
  9 black draconians
  14 white draconians
  The ghost of Ocinnuv the Grappler, a journeyman TrMo of Ru (D:13)
  2 minotaurs
  4 deep elf annihilators
  3 starcursed masses
  9 yellow draconians
  12 red draconians
  15 purple draconians
  5 spark wasps
  The ghost of p0werm0de the Wallflower, a journeyman DDFi of Uskayaw (Orc:2)
  A deep elf death mage (Vaults:5)
  A green death (Depths:3)
  3 jiangshi (Depths:3)
  12 merfolk impalers
  4 merfolk javelineers
  21 ettins
  Josephine (D:12)
  6 fire dragons
  2 deep elf high priests
  19 yaktaur captains
  34 vault guards
  6 rakshasas
  Erolcha (D:10)
  5 great orbs of eyes
  9 ice dragons
  7 hydras
  A hell beast (Depths:4)
  2 merfolk aquamancers
  Erica (D:8)
  A spriggan air mage (Depths:3)
  3 merfolk avatars
  A catoblepas (D:13)
  3 alligator snapping turtles
  13 ogre magi
  4 death knights
  A satyr (shapeshifter) (Vaults:5)
  36 two-headed ogres
  2 satyrs
  12 deep troll shamans
  10 tengu warriors
  15 centaur warriors
  4 vampire magi
  19 deep troll earth magi
  2 orc high priests
  6 thrashing horrors
  21 dancing weapons
  2 spriggans (Depths:5)
  4 spriggan berserkers
  11 deep elf knights
  A soul eater (Depths:3)
  A skeletal warrior (D:14)
  A sun demon (Depths:3)
  3 wretched stars
  3 shadow wraiths
  3 fire crabs (shapeshifter)
  6 cherubim (Depths:1)
  2 sixfirhies (Gauntlet)
  A death drake (shapeshifter) (Vaults:4)
  6 iron trolls
  An unseen horror (D:10)
  2 wizards
  10 sea snakes
  A swamp dragon (shapeshifter) (Vaults:5)
  41 deep trolls
  5 flayed ghosts
  2 glowing orange brains
  5 lindwurms (Depths:5)
  14 ironbrand convokers
  2 necromancers (Depths:2)
  9 harpies
  An infernal demonspawn (Depths:3)
  An orange crystal statue (Gauntlet)
  14 deep elf archers
  A wolf spider zombie (D:15)
  A lindwurm (shapeshifter) (Vaults:4)
  4 phantasmal warriors
  A sphinx zombie (Depths:2)
  An iron dragon zombie (Depths:2)
  A mana viper (shapeshifter) (Vaults:3)
  20 orb spiders
  9 orc knights
  20 manticores
  6 oklob plants
  39 deep elf magi
  An orb spider (shapeshifter) (Vaults:5)
  6 orc sorcerers
  11 fauns
  7 cyclopes
  A shadow dragon skeleton (Depths:2)
  57 ugly things
  5 elephants
  33 wolf spiders
  An iron dragon skeleton (Depths:2)
  19 moths of wrath
  5 worldbinders
  17 vault sentinels
  A guardian serpent (shapeshifter) (Depths:3)
  4 black mambas
  4 smoke demons
  10 merfolk sirens
  A rust devil (Depths:4)
  An orange demon (Depths:3)
  Joseph (D:8)
  An ice statue (Lair:6)
  A frost giant skeleton (Depths:2)
  18 cane toads
  7 gargoyles
  An apocalypse crab (Abyss:2)
  2 rime drakes (Lair:5)
  7 water nymphs
  58 yaktaurs
  A spriggan zombie (Depths:2)
  4 komodo dragons
  9 demonic crawlers
  A tormentor (Abyss:4)
  9 freezing wraiths
  10 kobold demonologists
  3 efreet
  4 tengu conjurers
  An ancient zyme (Abyss:2)
  A queen bee (shapeshifter) (Vaults:2)
  A redback zombie (D:15)
  34 merfolk
  A troll (shapeshifter) (Vaults:4)
  17 trolls
  28 jumping spiders
  4 tyrant leeches (Lair:6)
  4 wind drakes
  17 hornets
  A tengu simulacrum (Vaults:1)
  4 polar bears
  21 blink frogs
  13 hippogriffs
  2 raiju (shapeshifter)
  A dream sheep (shapeshifter) (Vaults:4)
  3 dream sheep (Shoals:4)
  A fire giant simulacrum (Depths:2)
  37 slime creatures
  A blink frog (shapeshifter) (Vaults:1)
  10 snapping turtles
  An air elemental (Elf:2)
  13 large abominations
  65 redbacks
  10 flying skulls
  A tarantella (shapeshifter) (Depths:3)
  7 wraiths
  15 water elementals
  25 tarantellas
  10 wyverns
  A shadow (D:12)
  Grum (D:8)
  A fire elemental (Elf:2)
  Eustachio (D:6)
  5 vampires
  3 fire bats (Abyss:2)
  A human (D:8)
  A yak (shapeshifter) (Depths:5)
  24 yaks
  9 basilisks
  4 hogs (D:8)
  7 vampire mosquitoes
  2 neqoxecs
  4 small abominations
  2 chaos spawn
  2 human simulacra
  12 wargs
  A spriggan simulacrum (Depths:2)
  Menkaure (D:4)
  2 acid dragons
  19 water moccasins
  2 soldier ants
  A hell hound (Depths:4)
  2 soldier ants (shapeshifter)
  A floating eye (Depths:2)
  5 swamp drakes (Depths:5)
  38 orc warriors
  9 porcupines
  4 sky beasts
  A black bear (shapeshifter) (Vaults:3)
  14 ice beasts
  3 black bears
  2 phantoms
  A necrophage (D:7)
  19 wolves
  33 ogres
  3 eyes of draining (shapeshifter)
  11 boggarts
  16 centaurs
  13 crocodiles
  11 big kobolds
  25 bullfrogs
  3 wyvern zombies
  An earth elemental (Elf:1)
  A wyvern skeleton (D:14)
  3 scorpions
  3 wights (D:10)
  9 killer bees
  2 spectral wolves (Depths:4)
  An electric eel (Lair:6)
  5 howler monkeys
  3 centaur zombies
  A crimson imp (Depths:3)
  3 bullfrog zombies
  4 quasits
  7 centaur skeletons
  4 iron imps (Depths:3)
  4 hounds
  4 jellies
  31 orc priests
  A gnoll shaman (D:3)
  27 orc wizards
  3 iguanas
  12 worker ants
  2 hound zombies
  3 hound skeletons
  15 gnolls
  9 adders
  5 shadow imps
  6 white imps
  6 ufetubi
  2 adder skeletons (D:6)
  A worm (D:6)
  3 dart slugs
  6 leopard geckos
  103 orcs
  4 giant cockroaches
  7 goblins
  8 hobgoblins
  19 jackals
  6 quokkas
  3 ball pythons
  10 bats
  6 frilled lizards
  23 kobolds
  A quokka zombie (D:8)
  6 rats
  A briar patch (Abyss:4)
  5 starspawn tentacles
2315 creatures vanquished.

Vanquished Creatures (collateral kills)
  2 komodo dragons (Lair:3)
2 creatures vanquished.

Vanquished Creatures (others)
  A very ugly thing (Depths:2)
  An ironheart preserver (Vaults:5)
  A merfolk aquamancer (Shoals:4)
  A water elemental (Elf:2)
  A warg (Vaults:5)
  A boggart (Vaults:1)
  An orc priest (D:12)
  An orc (Vaults:5)
  2 fungi
  A lurking horror (Abyss:2)
  15 plants
  4 starspawn tentacles (Abyss:2)
  8 tentacles
38 creatures vanquished.

Grand Total: 2355 creatures vanquished

Notes
Turn   | Place    | Note
-------+----------+-------------------------------------------
     0 | D:1      | HoaS the Gargoyle Gladiator began the quest for the Orb.
     0 | D:1      | Reached XP level 1. HP: 12/12 MP: 1/1
   226 | D:1      | Reached XP level 2. HP: 18/18 MP: 2/2
   524 | D:1      | Reached XP level 3. HP: 22/22 MP: 3/3
  1298 | D:2      | Reached XP level 4. HP: 28/28 MP: 4/4
  1724 | D:3      | Reached XP level 5. HP: 32/32 MP: 5/5
  1932 | D:3      | Reached skill level 5 in Unarmed Combat
  2258 | D:4      | Found Leydoph's General Store.
  2275 | D:4      | Noticed Menkaure
  2286 | D:4      | Killed Menkaure
  2286 | D:4      | Reached XP level 6. HP: 25/38 MP: 6/6
  2584 | D:4      | Reached XP level 7. HP: 39/44 MP: 7/7
  2668 | D:4      | Reached skill level 5 in Fighting
  3063 | D:4      | Found an iron altar of Okawaru.
  3221 | D:5      | Entered Level 5 of the Dungeon
  3353 | D:5      | Reached XP level 8. HP: 26/51 MP: 8/8
  4681 | D:6      | Found a snail-covered altar of Cheibriados.
  4754 | D:6      | Found the +2 hat of the Bear Spirit {Spirit, +Rage rN+
                  | MR++}
  4860 | D:6      | Found a staircase to the Ecumenical Temple.
  4877 | Temple   | Entered the Ecumenical Temple
  5154 | Temple   | Became a worshipper of Makhleb the Destroyer
  5198 | D:6      | Found Lalet's Magic Scroll Emporium.
  5411 | D:6      | Noticed Eustachio
  5428 | D:6      | Killed Eustachio
  5428 | D:6      | Reached XP level 9. HP: 55/57 MP: 7/9
  5643 | D:7      | Reached skill level 10 in Unarmed Combat
  5874 | D:7      | Found Urghu Qao's Jewellery Shoppe.
  6573 | D:7      | Reached * piety under Makhleb
  7022 | D:8      | Noticed Grum
  7226 | D:8      | Killed Grum
  7272 | D:8      | Reached XP level 10. HP: 62/65 MP: 8/10
  7373 | D:8      | Found Vonoogez's Distillery.
  7429 | D:8      | Found a basalt altar of Yredelemnul.
  7553 | D:8      | Reached ** piety under Makhleb
  7701 | D:8      | Noticed Erica
  7715 | D:8      | Killed Erica
  7772 | D:8      | Noticed Joseph
  7783 | D:8      | Killed Joseph
  7783 | D:8      | Reached skill level 10 in Fighting
  8032 | D:9      | Found a shimmering altar of Xom.
  8032 | D:9      | Found a shimmering altar of Xom.
  8032 | D:9      | Found a shimmering altar of Xom.
  8032 | D:9      | Found a shimmering altar of Xom.
  8034 | D:9      | Found a shimmering altar of Xom.
  8036 | D:9      | Found a shimmering altar of Xom.
  8036 | D:9      | Found a shimmering altar of Xom.
  8092 | D:9      | Found a staircase to the Lair.
  8379 | D:9      | Reached XP level 11. HP: 73/73 MP: 11/11
  8802 | D:10     | Entered Level 10 of the Dungeon
  8888 | D:10     | Found Zaleel's Weapon Emporium.
  8989 | D:10     | Killed an unseen horror
  9036 | D:10     | Reached *** piety under Makhleb
  9206 | D:10     | Noticed Erolcha
  9214 | D:10     | Killed Erolcha
  9350 | D:10     | Found Naefumi's Distillery.
  9752 | Lair:1   | Entered Level 1 of the Lair of Beasts
  9804 | Lair:1   | Noticed a seven-headed hydra
  9811 | Lair:1   | Killed a seven-headed hydra
 11021 | Lair:2   | Found an opulent altar of Gozag.
 11339 | Lair:2   | Reached XP level 12. HP: 81/81 MP: 12/12
 11347 | Lair:2   | Reached skill level 15 in Unarmed Combat
 11549 | Lair:3   | Reached **** piety under Makhleb
 11624 | Lair:3   | Noticed a six-headed hydra
 11641 | Lair:3   | Killed a six-headed hydra
 11960 | Lair:3   | Found a staircase to the Shoals.
 12567 | Lair:4   | Got a flickering pewter ring
 12573 | Lair:4   | Identified the ring "Tiod" {+Fly Str+3 Int-2 Dex+8 Slay+2}
                  | (You found it on level 4 of the Lair of Beasts)
 12577 | Lair:4   | Found a hole to the Spider Nest.
 13135 | Lair:4   | Got a shimmering golden ring
 13137 | Lair:4   | Identified the ring of Ofrik {MR+ Int-5 Dex+4 SInv} (You
                  | found it on level 4 of the Lair of Beasts)
 13241 | Lair:4   | You fall into a shaft and drop 1 floor!
 13291 | Lair:5   | Found a frozen archway.
 13301 | IceCv    | Entered an ice cave
 13323 | IceCv    | Found a transporter.
 14042 | Lair:4   | Reached XP level 13. HP: 74/88 MP: 9/13
 14748 | Lair:5   | Found a staircase to the Slime Pits.
 14749 | Lair:5   | Got a clouded glass ring
 14750 | Lair:5   | Found a viscous altar of Jiyva.
 15221 | Lair:5   | Reached ***** piety under Makhleb
 15648 | D:7      | Bought the amulet of Vitality {Regen+ HP+15} for 948 gold
                  | pieces
 15648 | D:7      | Found the amulet of Vitality {Regen+ HP+15}
 15676 | D:7      | Identified the ring "Galirac" {rPois rF+ Str+6 Int+2} (You
                  | found it on level 5 of the Lair of Beasts)
 15856 | Lair:6   | Entered Level 6 of the Lair of Beasts
 16022 | Lair:6   | Noticed an ice dragon
 16030 | Lair:6   | Killed an ice dragon
 16231 | Lair:6   | Found the ring of the Octopus King
 16296 | Lair:6   | Gained mutation: Your large and strong wings let you fly
                  | indefinitely. [Gargoyle growth]
 16296 | Lair:6   | Reached XP level 14. HP: 88/96 MP: 8/14
 16316 | Lair:6   | Got a ring of the Octopus King
 16348 | Lair:6   | Identified a ring of the Octopus King {rF+ AC+1 EV+1 Str+1
                  | Int+1 Dex+1} (You found it on level 6 of the Lair of
                  | Beasts)
 16562 | Lair:6   | HP: 1/111 [something (17)]
 16803 | Lair:6   | Reached ****** piety under Makhleb
 16814 | Lair:6   | Reached skill level 15 in Fighting
 17324 | D:11     | Found a staircase to the Orcish Mines.
 17396 | D:11     | Found a gate leading to a gauntlet.
 17401 | Gauntlet | Entered a Gauntlet
 17401 | Gauntlet | Found a transporter.
 17408 | Gauntlet | Found a transporter.
 17410 | Gauntlet | Found a transporter.
 17421 | Gauntlet | Found a transporter.
 17444 | Gauntlet | Found a transporter.
 17451 | Gauntlet | Found a transporter.
 17461 | Gauntlet | Found a transporter.
 17469 | Gauntlet | Noticed a reaper
 17471 | Gauntlet | Found a transporter.
 17491 | Gauntlet | Found a transporter.
 17506 | Gauntlet | Found a transporter.
 17506 | Gauntlet | Found a transporter.
 17553 | Gauntlet | Found a transporter.
 17567 | Gauntlet | Found a transporter.
 17609 | Gauntlet | Found a transporter.
 17857 | Gauntlet | Identified the +1 war axe of Doubt {vorpal, Str+3 Dex+4
                  | Stlth+}
 17857 | Gauntlet | Identified the +5 scale mail "Evuoddeg" {Slay+3}
 17890 | Gauntlet | Identified the Papyrus of Changing
 19029 | D:12     | Noticed Josephine
 19044 | D:12     | Killed Josephine
 19572 | Orc:1    | Entered Level 1 of the Orcish Mines
 19609 | Orc:1    | Found a bloodstained altar of Trog.
 19808 | Orc:2    | Entered Level 2 of the Orcish Mines
 19856 | Orc:2    | Noticed p0werm0de's ghost (journeyman DDFi)
 19886 | Orc:2    | Found a staircase to the Elven Halls.
 20176 | Orc:2    | Reached XP level 15. HP: 104/104 MP: 15/15
 20182 | Orc:2    | Noticed an orc warlord
 20274 | Orc:2    | Killed an orc warlord
 20353 | Orc:2    | Found a roughly hewn altar of Beogh.
 20474 | Orc:2    | Found Ates's Jewellery Emporium.
 20488 | Orc:2    | Found Sumyiducoz's Antique Armour Emporium.
 20517 | Orc:2    | Found Biemm's Antique Weapon Emporium.
 20528 | Orc:2    | Found a runed translucent gate.
 20529 | Orc:2    | Found a runed translucent gate.
 20530 | Orc:2    | Found a runed translucent gate.
 20553 | Orc:2    | Found Kiafimipp's General Store.
 20724 | Orc:2    | Killed p0werm0de's ghost
 20961 | D:4      | Bought a scroll of enchant armour for 105 gold pieces
 21900 | D:13     | Found a runed translucent gate.
 21900 | D:13     | Found a runed translucent gate.
 21900 | D:13     | Found a runed translucent gate.
 21901 | D:13     | Noticed Ocinnuv's ghost (journeyman TrMo)
 22205 | D:13     | You are sucked into a shaft and drop 2 floors!
 22205 | D:15     | Entered Level 15 of the Dungeon
 22405 | D:13     | Found Vanonul's General Store.
 22424 | D:13     | Found a shadowy altar of Dithmenos.
 22467 | D:13     | Found the +5 scythe "Finisher" {speed, eviscerate}
 22775 | D:14     | Identified the Collected Works on Conjuration and Flames
 22927 | D:14     | Found a gate to the Vaults.
 23159 | D:14     | Identified a scroll of acquirement
 23159 | D:14     | Acquired 540 gold pieces
 23539 | D:15     | Reached XP level 16. HP: 112/112 MP: 13/16
 23634 | D:15     | Noticed Louise
 23650 | D:15     | Killed Louise
 23656 | D:15     | Noticed Agnes
 23661 | D:15     | Killed Agnes
 23907 | D:15     | Found a staircase to the Depths.
 24008 | D:13     | Cast into level 1 of the Abyss (big kobold)
 24174 | Abyss:2  | Noticed a tentacled monstrosity
 24188 | Abyss:2  | Killed a tentacled monstrosity
 24286 | Abyss:2  | Noticed a tentacled starspawn
 24309 | Abyss:2  | Killed a tentacled starspawn
 24372 | Abyss:2  | Noticed an Executioner
 24375 | Abyss:2  | Killed an Executioner
 24377 | D:13     | Escaped the Abyss
 24390 | D:13     | Killed Ocinnuv's ghost
 24710 | Shoals:1 | Entered Level 1 of the Shoals
 25119 | Shoals:1 | Noticed a kraken
 25135 | Shoals:1 | Killed a kraken
 25677 | Shoals:2 | Found a transporter.
 25677 | Shoals:2 | Noticed Kuhithrore's ghost (adept DrTm)
 25684 | Shoals:2 | Reached XP level 17. HP: 119/119 MP: 15/17
 25693 | Shoals:2 | Found Bounnuec's Food Boutique.
 25732 | Shoals:2 | Found a basalt altar of Yredelemnul.
 26104 | Shoals:2 | Found a transporter.
 26742 | Shoals:3 | Noticed a kraken
 26754 | Shoals:3 | Killed a kraken
 26978 | Shoals:3 | Noticed Ilsuiw
 27026 | Shoals:3 | Killed Ilsuiw
 27582 | Shoals:4 | Entered Level 4 of the Shoals
 28071 | Shoals:4 | Got a fine iron ring
 28072 | Shoals:4 | Identified the ring of Yloroc {rElec rPois rC- MR++ AC+4}
                  | (You found it on level 4 of the Shoals)
 28281 | Shoals:4 | Found the +2 hood of the Assassin {Detection Stab+ Stlth++}
 28397 | Shoals:4 | Got a barnacled rune of Zot
 28776 | Spider:1 | Entered Level 1 of the Spider Nest
 29133 | Spider:1 | Reached XP level 18. HP: 111/128 MP: 10/18
 30351 | Spider:2 | Got a faintly humming cloak
 30362 | Spider:2 | Identified the +0 cloak of Wasted Space {Dex+3} (You found
                  | it on level 2 of the Spider Nest)
 30477 | Spider:2 | Found a large runed translucent door.
 30478 | Spider:2 | Found a large runed translucent door.
 30478 | Spider:2 | Noticed Jipp's ghost (journeyman DDFi)
 30652 | Spider:2 | Killed Jipp's ghost
 30999 | Spider:3 | Noticed Mara
 31003 | Spider:3 | Noticed Arachne
 31016 | Spider:3 | Noticed HoaS's illusion
 31262 | Spider:3 | Noticed HoaS's illusion
 31271 | Spider:3 | Killed Mara
 31471 | Spider:3 | Killed Arachne
 31598 | Spider:4 | Entered Level 4 of the Spider Nest
 31743 | Spider:4 | Reached XP level 19. HP: 135/135 MP: 5/19
 31941 | Spider:4 | Noticed Nikola
 31984 | Spider:4 | Killed Nikola
 32399 | Spider:4 | Got a gossamer rune of Zot
 32721 | Shoals:2 | Killed Kuhithrore's ghost
 32986 | Elf:1    | Entered Level 1 of the Elven Halls
 33438 | Elf:1    | Found a runed translucent gate.
 33438 | Elf:1    | Found a runed translucent gate.
 33440 | Elf:1    | Found a runed translucent gate.
 33443 | Elf:1    | Noticed Daamyrhor's ghost (journeyman TrFi)
 33453 | Elf:1    | Killed Daamyrhor's ghost
 33848 | Elf:2    | Identified the cursed +1 trident of Wyrd {flame, rN+ MR++
                  | Str+2 Int-2}
 33859 | Elf:2    | Found a runed translucent gate.
 33860 | Elf:2    | Found a runed translucent gate.
 33861 | Elf:2    | Found a runed translucent gate.
 34584 | Elf:2    | Reached XP level 20. HP: 142/142 MP: 20/20
 35040 | Depths:1 | Entered Level 1 of the Depths
 35062 | Depths:1 | Noticed a Tzitzimitl
 35170 | Depths:1 | Reached skill level 27 in Unarmed Combat
 35202 | Depths:1 | Acquired 470 gold pieces
 35319 | Depths:1 | Found a gateway to Hell.
 35348 | Depths:1 | Reached skill level 1 in Armour
 35799 | Depths:1 | Found a glowing silver altar of Zin.
 35799 | Depths:1 | Noticed Mennas
 35818 | Depths:1 | Killed Mennas
 36211 | Depths:2 | Noticed a juggernaut
 36227 | Depths:2 | Killed a juggernaut
 36376 | Vaults:1 | Entered Level 1 of the Vaults
 36462 | Vaults:1 | Got a pair of brightly glowing gloves
 36490 | Vaults:1 | Identified the +2 pair of gloves of Oneapuva {rF+ Str+4
                  | Int+3} (You found it on level 1 of the Vaults)
 36566 | Vaults:1 | Reached XP level 21. HP: 152/152 MP: 13/21
 36628 | Vaults:1 | Identified the +4 chain mail of the Black Moon {*Drain
                  | Dex+5} (You found it on level 1 of the Vaults)
 37709 | Vaults:2 | Noticed Saint Roka
 37732 | Vaults:2 | Killed Saint Roka
 38635 | Vaults:3 | Found a radiant altar of Vehumet.
 38981 | Vaults:3 | Reached XP level 22. HP: 159/163 MP: 18/22
 39016 | Vaults:3 | Found a staircase to the Crypt.
 40598 | Vaults:4 | Found a magical portal.
 41201 | Depths:2 | Reached XP level 23. HP: 117/174 MP: 6/23
 41225 | Depths:2 | Identified the +2 halberd "Arbiter" {venom, MR+ Str+5}
 41232 | Depths:2 | Reached skill level 27 in Fighting
 41259 | Depths:2 | Reached skill level 5 in Armour
 41379 | Depths:2 | Reached skill level 5 in Dodging
 41407 | Depths:2 | Found a transporter.
 41411 | Depths:2 | Noticed Nurghian's ghost (adept MfIE)
 41417 | Depths:2 | Noticed a caustic shrike
 41632 | Depths:2 | Found a transporter.
 41634 | Depths:2 | Noticed a caustic shrike
 41871 | Depths:2 | Found Mikaudy's Distillery.
 41876 | Depths:2 | Bought a potion of curing for 51 gold pieces
 41876 | Depths:2 | Bought 2 potions of curing for 102 gold pieces
 41876 | Depths:2 | Bought a potion of curing for 51 gold pieces
 41876 | Depths:2 | Bought a potion of might for 68 gold pieces
 41876 | Depths:2 | Bought a potion of haste for 170 gold pieces
 42143 | Depths:3 | Found a one-way gate leading to the halls of Pandemonium.
 42401 | Depths:3 | Found a one-way gate to the infinite horrors of the Abyss.
 42480 | Depths:3 | Noticed a juggernaut
 42492 | Depths:3 | Killed a juggernaut
 42515 | Depths:3 | Reached skill level 10 in Armour
 43190 | Depths:3 | Found a gateway to a bazaar.
 43196 | Bazaar   | Entered a bazaar
 43200 | Bazaar   | Found Mexkocra's Antique Weapon Boutique.
 43211 | Bazaar   | Found Zacw's General Store.
 43219 | Bazaar   | Bought a potion of haste for 120 gold pieces
 43219 | Bazaar   | Found Huvi's Jewellery Shoppe.
 43230 | Bazaar   | Found Gutz's Antique Armour Boutique.
 43241 | Bazaar   | Found Sukissen's Distillery.
 43249 | Bazaar   | Bought a potion of curing for 33 gold pieces
 43249 | Bazaar   | Bought a potion of curing for 33 gold pieces
 43249 | Bazaar   | Bought a potion of might for 44 gold pieces
 43249 | Bazaar   | Bought a potion of flight for 33 gold pieces
 43249 | Bazaar   | Bought a potion of heal wounds for 55 gold pieces
 43249 | Bazaar   | Bought a potion of curing for 33 gold pieces
 43249 | Bazaar   | Bought a potion of curing for 33 gold pieces
 43273 | Bazaar   | Bought the cursed necklace of Bloodlust {*Rage +Rage MR++
                  | Int-3 Slay+6 *Curse} for 442 gold pieces
 43273 | Bazaar   | Found the cursed necklace of Bloodlust {*Rage +Rage MR++
                  | Int-3 Slay+6 *Curse}
 43527 | Depths:4 | Reached XP level 24. HP: 181/181 MP: 22/23
 43616 | Depths:4 | Found The Legendary Qeonudim's Legendary Smithy.
 43638 | Depths:4 | Found Pothoweu's General Store.
 43650 | Depths:4 | Bought a potion of curing for 45 gold pieces
 43650 | Depths:4 | Bought a scroll of enchant armour for 112 gold pieces
 43680 | Depths:4 | Found Jack's Jerk-a-riffic Jerky.
 43712 | Depths:4 | Found Mujiwung's Miraculous Elixirs.
 43780 | Depths:4 | Found an ancient bone altar of Kikubaaqudgha.
 44294 | Depths:4 | Found Iskic's Book Emporium.
 44523 | Depths:5 | Entered Level 5 of the Depths
 44667 | Depths:5 | Found a gate to the Realm of Zot.
 44689 | Depths:5 | Reached skill level 10 in Dodging
 44976 | Depths:5 | Found a gateway to a ziggurat.
 45259 | Depths:5 | Reached skill level 15 in Armour
 45273 | Depths:5 | Noticed a caustic shrike
 45278 | Depths:5 | Noticed a caustic shrike
 45279 | Depths:5 | Reached XP level 25. HP: 187/187 MP: 23/23
 45356 | Depths:5 | Identified the +4 plate armour of Mutualism {+Blink rF+
                  | rN++ Int-5}
 46792 | Vaults:5 | Entered Level 5 of the Vaults
 46981 | Vaults:5 | Noticed an ancient lich
 47009 | Vaults:5 | Paralysed by a floating eye for 3 turns
 47020 | Vaults:5 | Killed an ancient lich
 47031 | Vaults:5 | Reached XP level 26. HP: 193/193 MP: 8/23
 47169 | Vaults:5 | Cast into level 4 of the Abyss (tengu reaver)
 47169 | Abyss:4  | Found a corrupted altar of Lugonu.
 47208 | Abyss:4  | Found a corrupted altar of Lugonu.
 47316 | Abyss:4  | Gained mutation: You are frail. (-10% HP) [a neqoxec]
 47360 | Vaults:5 | Escaped the Abyss
 47374 | Vaults:4 | Paralysed by a floating eye for 2 turns
 47768 | Vaults:5 | Identified Zidoch's Disquisition on Battle Magic
 47883 | Vaults:5 | Identified the Papyrus of Toxic Dislocation
 47887 | Vaults:5 | Got a pair of steaming boots
 47898 | Vaults:5 | Identified the +1 pair of boots of the Wilderness {Str+4}
                  | (You found it on level 5 of the Vaults)
 47987 | Vaults:5 | Identified the +7 mace of Kyts {vorpal, Str+2}
 48013 | Vaults:5 | Got a silver rune of Zot
 49074 | Zot:1    | Entered Level 1 of the Realm of Zot
 49216 | Zot:1    | Reached skill level 15 in Dodging
 49281 | Zot:1    | Reached XP level 27. HP: 138/179 MP: 6/23
 49453 | Zot:1    | Identified the +4 chain mail "Qufam" {+Fly rC+ Dex+3} (You
                  | found it on level 1 of the Realm of Zot)
 49876 | Zot:2    | Noticed an orb of fire
 49887 | Zot:2    | Killed an orb of fire
 49980 | Zot:2    | Found a runed translucent door.
 49982 | Zot:2    | Noticed Raoson's ghost (legendary GrBe)
 49983 | Zot:2    | Found the ring of the Mage {Wiz MR++ Int+3}
 50545 | Zot:2    | Killed Raoson's ghost
 50576 | Zot:3    | Noticed an orb of fire
 50610 | Zot:3    | Gained mutation: You do not regenerate when monsters are
                  | visible. [an orb of fire]
 50611 | Zot:3    | Gained mutation: You are weak. (Str -2) [an orb of fire]
 50613 | Zot:3    | Killed an orb of fire
 52057 | Zot:5    | Entered Level 5 of the Realm of Zot
 52179 | Zot:5    | Gained mutation: You tend to lose your temper in combat.
                  | [an orb of fire]
 52180 | Zot:5    | Noticed an orb of fire
 52180 | Zot:5    | Noticed an ancient lich
 52180 | Zot:5    | Noticed an orb of fire
 52181 | Zot:5    | Gained mutation: You are very weak. (Str -4) [an orb of
                  | fire]
 52182 | Zot:5    | Noticed an ancient lich
 52197 | Zot:5    | Gained mutation: You are very frail. (-20% HP) [an orb of
                  | fire]
 52198 | Zot:5    | Killed an orb of fire
 52200 | Zot:5    | Gained mutation: Scrolls take you a little longer to read.
                  | [an orb of fire]
 52202 | Zot:5    | Gained mutation: Your spells are a little easier to cast,
                  | but a little less powerful. [an orb of fire]
 52203 | Zot:5    | Killed an orb of fire
 52206 | Zot:5    | Killed an ancient lich
 52209 | Zot:5    | Killed an ancient lich
 52238 | Zot:5    | Demolished by an Orb Guardian

Illustrated notes

Levels and vault maps discovered:
D:1:      minmay_arrival_widening_spiral_wide, layout_loops_ring,
          minmay_tetromino_i4
D:2:      layout_loops_cross
D:3:      layout_loops_cross, first_ration, serial_bayou_pond_a, bh_chokoban
D:4:      layout_loops_ring, serial_shops, shop, okawaru_altar_gauntlet_db,
          uniq_menkaure
D:5:      layout_loops_ring
D:6:      layout_basic, minmay_temple_entry_sparse_star, serial_shops,
          nicolae_shop_behind_doors, cheibrodos_worm_habitat, uniq_eustachio
D:7:      layout_loops_corners, serial_shops,
          nicolae_shop_temple_entry_statues_fountains
D:8:      layout_loops_cross, yredelemnul_altar_generic, serial_shops,
          shop_statue, grunt_livestock, minmay_joined_circles, uniq_joseph,
          uniq_grum, uniq_erica
D:9:      layout_stronghold, lair_entry_dummy, nicolae_xom_altar_mimics
D:10:     layout_grid_maze, serial_shops, shop, shop, uniq_erolcha
D:11:     layout_loops_ring, orc_0_dummy, gauntlet_entry_generic
D:12:     layout_irregular_city, glass_columns_a, uniq_josephine
D:13:     minmay_swirls_squares, layout_irregular_city, serial_shops,
          nicolae_shop_behind_doors, gammafunk_ghost_nasty_kobolds,
          corexii_corridor_pit, grunt_dithmenos_shadows
D:14:     layout_loops_ring, hangedman_vaults_entry_quadrant_bands,
          nicolae_sextant
D:15:     grunt_enter_depths_snipers, layout_rooms, minmay_misc_feat_cross,
          uniq_agnes, uniq_louise
Temple:   roderic_octagonal_lattice_temple
Lair:1:   layout_cave_pods, beast_lair_carwin_9
Lair:2:   layout_chaotic_city, basic_altar
Lair:3:   layout_long_grid, minmay_shoals_entry_beasts, serial_bayou_pond_b,
          grunt_megastairs_1
Lair:4:   layout_cellular_growth, spider_nest_entry_web_field, dpeg_oklob_1
Lair:5:   layout_roguey, slime_altar_1, portal_ice_cave_entry_pillars_2,
          special_room [special_room_mythical_zoo]
Lair:6:   minmay_lair_end_frog_pond, layout_layer_cave, ice2_lemuel
Shoals:1: layout_shoals, nicolae_shoals_kraken_intersection
Shoals:2: layout_shoals, serial_shops, shop, gammafunk_ghost_arena,
          lemuel_oklob_altar
Shoals:3: layout_shoals, uniq_ilsuiw
Shoals:4: shoals_end_simple, layout_shoals
Spider:1: layout_spider_delve
Spider:2: cheibrodos_spider_silkery, ebering_ghost_disaster_area, drop_trap
Spider:3: layout_spider_delve, uniq_mara, uniq_arachne
Spider:4: guppyfry_spider_rune, nicolae_spider_webbed_stairs, uniq_nikola
Orc:1:    layout_diamond_mine, trog_butcher_becter
Orc:2:    grunt_orc_cross, layout_diamond_mine, maelrawn_ghost_gauntlet_escape
Elf:1:    elf_arrival_001, layout_gridlike, ebering_ghost_rock_garden,
          kennysheep_underground_church
Elf:2:    layout_onion_city, serial_co_window_serial, co_window_paths_b,
          co_window_of_opportunity_a, co_window_paths_b,
          co_window_of_opportunity_a, co_window_paths_a, co_window_corner_a,
          co_window_paths_b, co_window_2corner, co_window_corner_b,
          glass_columns_b, glass_columns_a, glass_columns_c, glass_columns_b,
          glass_columns_a
Vaults:1: v_misc_25, v_misc_24, hangedman_vaults_maws, nicolae_vaults_asterisk,
          hangedman_vaults_variations, ontoclasm_vaults_fault,
          grunt_vaults_focal, ontoclasm_vaults_shout, vaults_dpeg_diagonal,
          layout_vaults_omnigrid
Vaults:2: nicolae_vaults_mini_display_case, grunt_vaults_hallway_short,
          nicolae_vaults_big_angled_halls, hangedman_vaults_stagger,
          ontoclasm_vaults_ligature, ontoclasm_vaults_idyll, v_misc_9,
          hangedman_vaults_hat, hangedman_vaults_stretched_pinwheel,
          vaults_room_ringed_pool, v_misc_13, nicolae_vaults_little_squares_6,
          grunt_vaults_hallway_short, layout_vaults_ring, uniq_saint_roka
Vaults:3: minmay_crypt_entry_simple_walls, nicolae_vaults_little_squares_2,
          hangedman_vaults_slither, vaults_mumra_hexcomb, st_star,
          nicolae_vaults_alarming, v_alt_pattern_1, hangedman_vaults_trim,
          ontoclasm_vaults_loading_screen, ontoclasm_vaults_pinch,
          grunt_vaults_hallway_short, vaults_mumra_lcd, v_alt_pattern_3,
          ontoclasm_vaults_tryst, nicolae_vaults_diagonal_hallway_6,
          vaults_dpeg_hooks, v_misc_19, layout_vaults_omnibox, basic_altar
Vaults:4: v_misc_12, hangedman_vaults_maws, ontoclasm_vaults_eye,
          grunt_vaults_trifunnel, hangedman_vaults_unwind,
          nicolae_vaults_three_branches, nicolae_vaults_gold_heap,
          vaults_room_semicircle, ontoclasm_vaults_decontamination,
          vaults_dpeg_encased_lava, v_misc_15, ontoclasm_vaults_twist,
          layout_vaults_maze_bifur, mu_enter_wizlab_3
Vaults:5
Depths:1: evilmike_silver_temple, layout_gridville,
          chequers_serial_rivers_micro_e, hell_entry, nrook_mini_backslash,
          nrook_loot_triangle, serial_sigils_hangedman_gnaw, grunt_megastairs_4
Depths:2: grunt_x_marks_the_spot, layout_basic, serial_shops,
          kennysheep_little_box, chequers_decorated_corner,
          gammafunk_ghost_berserking_beasts, hell_entry
Depths:3: minmay_connected_boxes_in_corner, layout_basic,
          grunt_pan_entry_in_and_out, grunt_hell_entry_dis_old, abyss_entry,
          serial_shops, bzr_entry_safe, minmay_misc_feat_five
Depths:4: grated_community_mu [grated_community_mu_vampire_home,
          grated_community_mu_giant_home, grated_community_mu_spellcaster_home,
          grated_community_mu_orcish_home, grated_community_mu_troll_home,
          grated_community_mu_taur_home, grated_community_mu_unbuilt_plot],
          layout_basic, serial_shops, nicolae_shop_crystal,
          grunt_mini_vestibule, kennysheep_pointless_box,
          nicolae_abyss_entry_one_way_or_another
Depths:5: lemuel_castle_with_subvaults [lemuel_castle_interior_carwin_1],
          layout_small_grid, enter_ziggurat_b, hell_entry, solitary_fountain,
          dk_noncrumbling_2, grunt_ministairs_15
Zot:1:    layout_misc_corridors
Zot:2:    layout_onion, gammafunk_ghost_grave, st_small_dragon_hoard_5,
          st_stairs_13
Zot:3:    layout_misc_corridors
Zot:4:    layout_gridlike
Zot:5:    layout_twisted_circle, gammafunk_ghost_cemetery, drop_trap

Skill      XL: |  1  2  3  4  5  6  7  8  9 10 11 12 13 14 15 16 17 18 19 20 21 22 23 24 25 26 27 |
---------------+----------------------------------------------------------------------------------+-----
Unarmed Combat | 4 5 6 7 9 11 13 14 16 18 20 22 23 24 25 26 27 | 27.0
Fighting       | 3 4 5 7 8 10 11 13 14 15 16 18 19 20 22 24 26 27 | 27.0
Armour         | 4 11 15 17 19 23 | 23.1
Dodging        | 4 7 10 13 15 18 | 18.1
Throwing       | |  1.7

Action                   |  1- 3 |  4- 6 |  7- 9 | 10-12 | 13-15 | 16-18 | 19-21 | 22-24 | 25-27 || total
-------------------------+-------+-------+-------+-------+-------+-------+-------+-------+-------++-------
Melee: Unarmed           |   144 |   174 |   373 |   604 |  1037 |  1179 |  1159 |  1263 |  1135 ||  7068
       Punch             |     3 |     3 |    13 |    35 |    96 |   105 |   106 |   156 |   188 ||   705
Throw: Throwing net      |       |     1 |     1 |     1 |       |       |       |       |       ||     3
 Abil: Fly               |       |       |       |       |     1 |       |       |       |       ||     1
Evoke: Wand              |       |       |       |    11 |    29 |       |       |     1 |       ||    41
  Use: Scroll            |     7 |     5 |     7 |    10 |    13 |     6 |     6 |     3 |     3 ||    60
       Potion            |       |       |     1 |       |     4 |     2 |     2 |       |     4 ||    13
 Stab: Sleeping          |     1 |       |       |       |       |       |       |       |       ||     1
       Held in net/web   |       |     1 |       |     1 |       |       |       |       |       ||     2
       Paralysed         |       |       |       |       |     1 |       |       |       |       ||     1
       Distracted        |       |       |       |       |       |       |     1 |       |       ||     1
       Confused          |       |       |       |       |       |       |       |     1 |       ||     1
  Eat: Ration            |     1 |     1 |     4 |     6 |     8 |     7 |     5 |     6 |     5 ||    43
Armor: Leather armour    |    37 |       |       |       |       |       |       |       |       ||    37
       Ring mail         |    26 |    39 |       |       |       |       |       |       |       ||    65
       Scale mail        |       |    23 |   133 |       |   209 |       |       |       |       ||   365
       Plate armour      |       |       |    66 |   526 |   553 |  1335 |   673 |   905 |  1256 ||  5314
Dodge: Dodged            |    95 |    87 |   135 |   196 |   420 |   458 |   275 |   440 |  1072 ||  3178

Table legend:
 A = Non-vault XP
 B = Vault XP
 C = Vault XP percentage of total XP
 D = Non-vault monster count
 E = Vault monster count
 F = Vault count percentage of total count
                 A         B        C        D         E       F
            +---------+---------+-------+---------+---------+-------
      Total |  873112 |  668439 |  43.4 |    1475 |     839 |  36.3
            +---------+---------+-------+---------+---------+-------
        D:1 |      28 |      12 |  30.0 |      19 |       4 |  17.4
        D:2 |      47 |       0 |   0.0 |      20 |       0 |   0.0
        D:3 |     160 |       0 |   0.0 |      23 |       0 |   0.0
        D:4 |     731 |     193 |  20.9 |      25 |       7 |  21.9
        D:5 |     700 |       0 |   0.0 |      28 |       0 |   0.0
        D:6 |     596 |     207 |  25.8 |      23 |       2 |   8.0
        D:7 |    1209 |     347 |  22.3 |      27 |       3 |  10.0
        D:8 |     765 |    3666 |  82.7 |      22 |      21 |  48.8
        D:9 |    1264 |       0 |   0.0 |      17 |       0 |   0.0
       D:10 |    1985 |     999 |  33.5 |      26 |       1 |   3.7
       D:11 |    3376 |       0 |   0.0 |      24 |       0 |   0.0
       D:12 |    9590 |    2127 |  18.2 |      50 |       6 |  10.7
       D:13 |    1233 |   14881 |  92.3 |       8 |      35 |  81.4
       D:14 |    8915 |    4995 |  35.9 |      23 |      18 |  43.9
       D:15 |   13713 |    5760 |  29.6 |      35 |       5 |  12.5
     Lair:1 |    2480 |     272 |   9.9 |      11 |       3 |  21.4
     Lair:2 |    4823 |       0 |   0.0 |      19 |       0 |   0.0
     Lair:3 |    6044 |    2940 |  32.7 |      20 |       7 |  25.9
     Lair:4 |    3314 |    2704 |  44.9 |      22 |       5 |  18.5
     Lair:5 |    4237 |    5627 |  57.0 |      18 |      20 |  52.6
     Lair:6 |    4335 |   15101 |  77.7 |      16 |      61 |  79.2
   Shoals:1 |   13880 |    2330 |  14.4 |      27 |       1 |   3.6
   Shoals:2 |    9350 |    7859 |  45.7 |      19 |      10 |  34.5
   Shoals:3 |    9294 |    5230 |  36.0 |      19 |       6 |  24.0
   Shoals:4 |   14658 |   20023 |  57.7 |      32 |      34 |  51.5
   Spider:1 |   10412 |       0 |   0.0 |      28 |       0 |   0.0
   Spider:2 |   14093 |   10119 |  41.8 |      36 |      16 |  30.8
   Spider:3 |   16411 |   11982 |  42.2 |      41 |       2 |   4.7
   Spider:4 |   16330 |   31434 |  65.8 |      41 |      42 |  50.6
      Orc:1 |    3816 |     363 |   8.7 |      33 |       5 |  13.2
      Orc:2 |    1591 |   11202 |  87.6 |      32 |      44 |  57.9
      Elf:1 |    4907 |    7492 |  60.4 |       8 |      10 |  55.6
      Elf:2 |   18963 |   22930 |  54.7 |      29 |      29 |  50.0
   Vaults:1 |   31171 |   13803 |  30.7 |      53 |      18 |  25.4
   Vaults:2 |   41876 |   15352 |  26.8 |      60 |      35 |  36.8
   Vaults:3 |   26731 |   21892 |  45.0 |      42 |      28 |  40.0
   Vaults:4 |   39364 |   33719 |  46.1 |      52 |      38 |  42.2
   Vaults:5 |   28068 |  116034 |  80.5 |      26 |      80 |  75.5
   Depths:1 |   20368 |   26440 |  56.5 |      27 |      15 |  35.7
   Depths:2 |   39501 |   47733 |  54.7 |      56 |      44 |  44.0
   Depths:3 |   30521 |   37809 |  55.3 |      43 |      36 |  45.6
   Depths:4 |   32769 |   46673 |  58.8 |      34 |      66 |  66.0
   Depths:5 |   74834 |   40814 |  35.3 |      64 |      38 |  37.3
      Zot:1 |   80376 |       0 |   0.0 |      48 |       0 |   0.0
      Zot:2 |   49274 |   14688 |  23.0 |      24 |       6 |  20.0
      Zot:3 |   90919 |       0 |   0.0 |      53 |       0 |   0.0
      Zot:4 |   26227 |       0 |   0.0 |      13 |       0 |   0.0
      Zot:5 |   24105 |   47509 |  66.3 |      12 |       8 |  40.0
    Abyss:2 |   16313 |     706 |   4.1 |      28 |       2 |   6.7
    Abyss:4 |   17445 |    9670 |  35.7 |      19 |      12 |  38.7
      IceCv |       0 |    1295 | 100.0 |       0 |       7 | 100.0
   Gauntlet |       0 |    3507 | 100.0 |       0 |       9 | 100.0
            +---------+---------+-------+---------+---------+-------
